 Dungeon Crawl Stone Soup version 0.27.0-1-g7a089689b8 (webtiles) character file.

Game seed: 15057959533911354626

1081 Crazydiamond the Skirmisher (level 8, -3/65 HPs)
             Began as a Palentonga Abyssal Knight on Aug 16, 2021.
             Was a Priest of Lugonu.
             Slain by Menkaure (4 damage)
             ... on level 5 of the Dungeon.
             The game lasted 00:24:30 (7977 turns).

Crazydiamond the Skirmisher (PaAK)                  Turns: 7977, Time: 00:24:31

Health: -3/65      AC: 16    Str: 18    XL:     8   Next: 8%
Magic:  9/9        EV:  9    Int: 12    God:    Lugonu [***...]
Gold:   236        SH:  0    Dex: 10    Spells: 7/7 levels left

rFire    . . .     SeeInvis +   g - +2 mace (vorpal)
rCold    . . .     Faith    .   (no shield)
rNeg     . . .     Spirit   .   o - +0 ring mail
rPois    +         Reflect  .   h - +1 helmet
rElec    .         Harm     .   (no cloak)
rCorr    .         Rampage  .   v - +0 pair of gloves
Will     .....                  (no barding)
Stlth    +.........             (no amulet)
HPRegen  0.20/turn              m - ring of poison resistance
MPRegen  0.11/turn              (no ring)

@: brilliant, flying, curled up
A: large, rugged brown scales 3, see invisible, deformed body, roll 1, armoured
tail, reflexive curl
a: Rolling Charge, Renounce Religion, Depart the Abyss, Bend Space, Banish


You were on level 5 of the Dungeon.
You worshipped Lugonu.
Lugonu was most pleased with you.
You visited 1 branch of the dungeon, and saw 5 of its levels.
You visited the Abyss 1 time.

You collected 236 gold pieces.

Inventory:

Hand Weapons
 a - a +1 falchion
 f - a +2 dagger of freezing
 g - a +2 vorpal mace (weapon)
 j - a +2 dagger of venom
 p - a +1 dagger of flaming
 r - a +2 vorpal flail
Missiles
 l - 33 poisoned darts (quivered)
Armour
 b - a +0 leather armour
 h - a +1 helmet (worn)
 o - a +0 ring mail (worn)
 v - a +0 pair of gloves (worn)
Jewellery
 m - a ring of poison resistance (left hand)
Wands
 u - a wand of iceblast (5)
Scrolls
 d - 5 scrolls of identify {unknown}
 k - a scroll of silence {unknown}
 s - 3 scrolls of vulnerability {unknown}
 x - 2 scrolls of fear {unknown}
 y - a scroll of noise {unknown}
Potions
 c - a potion of brilliance
 e - a potion of heal wounds {unknown}
 i - a potion of degeneration {unknown}
 n - 2 potions of resistance {unknown}
 q - a potion of ambrosia {unknown}
 t - 3 potions of flight
 w - a potion of curing {unknown}


   Skills:
 + Level 4.8 Fighting
 + Level 3.3 Long Blades
 + Level 4.5 Maces & Flails
 + Level 0.9 Throwing
 + Level 4.5 Armour
 + Level 2.5 Dodging
 + Level 1.0 Stealth
 + Level 2.2 Invocations


You had 7 spell levels left.
You didn't know any spells.
Your spell library contained the following spells:

 Spells                   Type           Power      Damage    Failure   Level
 Foxfire                  Conj/Fire      0%         2x1d4     50%         1
 Conjure Flame            Conj/Fire      0%         6-21      86%         3
 Inner Flame              Hex/Fire       0%         N/A       86%         3
 Tukima's Dance           Hex            0%         N/A       86%         3
 Airstrike                Air            0%         N/A       99%         4
 Cause Fear               Hex            0%         N/A       99%         4
 Passage of Golubria      Tloc           N/A        N/A       99%         4
 Summon Lightning Spire   Summ/Air       0%         N/A       99%         4
 Lightning Bolt           Conj/Air       0%         1d11      100%        5
 Yara's Violent Unravell  Hex/Tmut       0%         3d3       100%        5
 Discord                  Hex            0%         N/A       100%        8


Dungeon Overview and Level Annotations

Branches:
Dungeon (5/15)             Temple (0/1) D:4

Altars:
Dithmenos
Elyvilon

Shops:
D:3 =

Annotations:
D:3 3 runed translucent doors, seronja's ghost, amateur MiFi
D:5 3 runed translucent doors, Gunterle's ghost, novice DjMo; Menkaure


Innate Abilities, Weirdness & Mutations

You are completely covered in rugged brown scales. (AC +3, +7% HP)
You have supernaturally acute eyesight. (SInv)
Armour fits poorly on your strangely shaped body.
You can roll at nearby foes to attack.
You have a long armoured tail.
You curl defensively after being hit.


Message History

You feel clever all of a sudden. Menkaure closely misses you.
You hit Menkaure.
Your tail-slap misses Menkaure.
Menkaure is moderately damaged.
Menkaure hits you but does no damage.
You thump Menkaure!
Menkaure is severely damaged.
Menkaure sighs in an indecipherable tongue.
Menkaure gestures at you while chanting.
Pain shoots through your body!
You hit Menkaure.
Menkaure is almost destroyed.
Menkaure hits you but does no damage.
Menkaure calls on the powers of darkness!
Your body is wracked with pain!
You hit Menkaure but do no damage.
Menkaure is severely damaged.
Menkaure hits you.
You hit Menkaure.
You tail-slap Menkaure, but do no damage.
Menkaure is almost destroyed.
Menkaure misses you. Menkaure hits you!
* * * LOW HITPOINT WARNING * * *
You barely miss Menkaure.
Menkaure is almost destroyed.
Menkaure calls on the powers of darkness!
Your body is wracked with pain!
* * * LOW HITPOINT WARNING * * *
You barely miss Menkaure.
Your tail-slap misses Menkaure.
Menkaure is almost destroyed.
Menkaure misses you.
You barely miss Menkaure.
Menkaure is almost destroyed.
Menkaure hits you!
* * * LOW HITPOINT WARNING * * *
Menkaure barely misses you.
You hit Menkaure but do no damage.
Menkaure is almost destroyed.
Menkaure hits you.
You die...

#########################
..'.............#.......#
..#.............#.......#
..#.............#.......#
.##....##.......#.....?.#
'########.......##..<...#
.# ..##.......##(.....# .#
............@M......# .#
...............$...(# .#
.....................# .#
######.......##########
.###...##########........#
................#........#
..........[.....#......>.#
................#........#
..###'#######'###........#


You could see Menkaure (fast).

Vanquished Creatures
  Prince Ribbit (D:5)
  Grinder (D:4)
  An ogre (D:3)
  A phantom (D:4)
  2 hounds
  2 centaur zombies
  2 jellies (D:4)
  A gnoll shaman (D:3)
  An iguana (D:5)
  2 orc wizards
  6 gnolls (D:3)
  6 adders
  A shadow imp (D:5)
  An ufetubus (D:5)
  3 worms
  4 dart slugs
  9 orcs
  6 ball pythons
  9 endoplasms
  2 giant cockroaches (D:1)
  9 goblins
  15 hobgoblins
  8 jackals
  2 kobolds
  6 quokkas
  6 bats
  7 frilled lizards
  3 rats
117 creatures vanquished.

Vanquished Creatures (others)
  A butterfly (D:5)
1 creature vanquished.

Grand Total: 118 creatures vanquished

Notes
Turn   | Place    | Note
-------+----------+-------------------------------------------
     0 | Abyss:1  | Crazydiamond the Palentonga Abyssal Knight began the quest
                  | for the Orb.
     0 | Abyss:1  | Reached XP level 1. HP: 19/19 MP: 2/2
    74 | D:1      | Escaped the Abyss
   355 | D:1      | Reached skill level 1 in Dodging
   452 | D:1      | Reached XP level 2. HP: 25/25 MP: 3/3
   899 | D:1      | Reached XP level 3. HP: 11/31 MP: 4/4
  1120 | D:1      | Found a faded altar of an unknown god.
  1262 | D:1      | Reached ** piety under Lugonu
  1451 | D:2      | Found a white marble altar of Elyvilon.
  1889 | D:2      | Reached XP level 4. HP: 33/39 MP: 5/5
  2484 | D:3      | Reached skill level 1 in Maces & Flails
  2612 | D:3      | Found Tuaroeph's Jewellery Shop.
  2634 | D:3      | Reached XP level 5. HP: 29/44 MP: 6/6
  3079 | D:3      | Found a runed translucent gate.
  3079 | D:3      | Found a runed translucent gate.
  3079 | D:3      | Found a runed translucent gate.
  3082 | D:3      | Noticed seronja's ghost (amateur MiFi)
  3295 | D:3      | Reached *** piety under Lugonu
  3307 | D:3      | Found a shadowy altar of Dithmenos.
  3407 | D:4      | Noticed an ogre
  3754 | D:4      | Found a staircase to the Ecumenical Temple.
  3929 | D:4      | Noticed Grinder
  4139 | D:4      | Paralysed by Grinder for 7 turns
  4293 | D:4      | Paralysed by Grinder for 6 turns
  4795 | D:3      | HP: 2/44 [gnoll shaman (3)]
  5073 | D:3      | Killed an ogre
  5074 | D:3      | Reached XP level 6. HP: 26/51 MP: 7/7
  5878 | D:4      | Paralysed by Grinder for 5 turns
  5886 | D:4      | Killed Grinder
  5887 | D:4      | Gained mutation: You curl defensively after being hit.
                  | [Palentonga growth]
  5887 | D:4      | Reached XP level 7. HP: 20/58 MP: 8/8
  6997 | D:5      | Entered Level 5 of the Dungeon
  6997 | D:5      | Noticed Menkaure
  7044 | D:5      | Found a runed translucent gate.
  7045 | D:5      | Noticed a troll
  7050 | D:5      | Noticed Gunterle's ghost (novice DjMo)
  7055 | D:5      | Found a runed translucent gate.
  7056 | D:5      | Found a runed translucent gate.
  7304 | D:5      | Noticed Prince Ribbit
  7801 | D:5      | Killed Prince Ribbit
  7802 | D:5      | Reached skill level 1 in Stealth
  7802 | D:5      | Reached XP level 8. HP: 46/65 MP: 9/9
  7976 | D:5      | HP: 1/65 [Menkaure (10)]
  7977 | D:5      | Slain by Menkaure

Illustrated notes

Levels and vault maps discovered:
D:1:      lordsloth_arrival_two_stooges, layout_loops_corners,
          chequers_ecumenical_altar_simple_redux
D:2:      cheibrodos_greedy_goblins, layout_basic, basic_altar
D:3:      layout_rooms, lemuel_round_altar, serial_shops, shop_statue,
          gammafunk_ghost_necromancy, dk_noncrumbling_4
D:4:      layout_cave_pools, minmay_temple_entry_large_hall,
          minmay_fractal_squares_gapless_5, uniq_grinder
D:5:      layout_gridville, nicolae_elyvilon_peaceful_grove,
          gammafunk_ghost_split, uniq_pikel, uniq_prince_ribbit1, uniq_sigmund,
          uniq_menkaure

Skill      XL: |  1  2  3  4  5  6  7 |
---------------+----------------------+-----
Dodging        | 1 2 |  2.5
Long Blades    | 3 |  3.3
Armour         | 2 3 4 |  4.5
Maces & Flails | 1 2 3 4 |  4.5
Fighting       | 4 |  4.8
Stealth        | 1 |  1.0
Throwing       | |  0.9
Invocations    | |  2.2

Action                   |  1- 3 |  4- 6 |  7- 9 || total
-------------------------+-------+-------+-------++-------
Melee: Falchion          |   100 |       |       ||   100
       Tailslap          |     7 |    12 |    16 ||    35
       Mace              |    40 |   163 |   118 ||   321
Throw: Dart              |       |       |    17 ||    17
Invok: Bend Space        |       |     1 |     3 ||     4
 Abil: Rolling Charge    |     3 |     2 |     1 ||     6
Evoke: Wand              |       |     1 |       ||     1
  Use: Potion            |       |     3 |     2 ||     5
Armor: Leather armour    |    82 |     4 |       ||    86
       Ring mail         |       |    84 |    46 ||   130
Dodge: Dodged            |    84 |    92 |    57 ||   233
       Rpst.: Falchion   |    20 |       |       ||    20
